 Dungeon Crawl Stone Soup version 0.17.0 (webtiles) character file.

352405 Ultraviolent4 the Cloud Mage (level 21, -10/153 HPs)
             Began as a High Elf Earth Elementalist on Nov 19, 2015.
             Was the Champion of Sif Muna.
             Mangled by a white very ugly thing (36 damage)
             ... on level 2 of the Vaults on Nov 20, 2015.
             The game lasted 04:37:53 (93407 turns).

Ultraviolent4 the Cloud Mage (HEEE)                Turns: 93407, Time: 04:38:15

Health: -10/153    AC: 22    Str:  7    XL:     21   Next: 31%
Magic:  24/42      EV: 19    Int: 35    God:    Sif Muna [******]
Gold:   2934       SH:  0    Dex: 19    Spells: 11 memorised, 3 levels left

rFire  . . .     SeeInvis +     b - +3 double sword (elec)
rCold  . . .     Clarity  .     L - +6 mottled dragon armour
rNeg   + + .     SustAt   .     (no shield)
rPois  +         Gourm    .     S - +2 helmet {SInv}
rElec  +         Spirit   .     R - +1 cloak of Amorality {*Contam rPois Int+7}
rCorr  .         Warding  +     K - +0 pair of gloves
rMut   .         NoTele   +     I - +0 pair of boots
MR     ++...                    D - amulet of Cekugob {Ward -Tele rElec rPois rN++ AC+1 EV+1}
Stlth  +.........               s - ring of wizardry
                                E - ring "Tumer" {Slay+5 Stlth-}

@: regenerating, deflect missiles, very resistant to hostile enchantments, very
unstealthy
A: shaggy fur 1
a: Channel Energy, Forget Spell, Renounce Religion
}: 2/15 runes: barnacled, gossamer


You were on level 2 of the Vaults.
You worshipped Sif Muna.
Sif Muna was exalted by your worship.
You were not hungry.

You visited 8 branches of the dungeon, and saw 41 of its levels.
You visited the Abyss 1 time.
You visited 1 bazaar.
You also visited: Bailey.

You collected 4572 gold pieces.
You spent 1638 gold pieces at shops.

Inventory:

Hand Weapons
 a - the +1 eveningstar "Brilliance" {holy, rN+ AC+5 Int+5}
   (You took it off a deep elf demonologist on level 3 of the Elven Halls)

   It has been blessed by the Shining One to cause great damage to the undead
   and demons.
   It affects your AC (+5).
   It affects your intelligence (+5).
   It protects you from negative energy.
 b - a +3 double sword of electrocution (weapon)
 m - a +1 great sword of flaming
 w - a +0 great sword of holy wrath
 x - the +3 dagger of Satidim {pierce, MR++}
   (You bought it in a shop on level 12 of the Dungeon)

   It inflicts extra damage upon your enemies.
   It affects your resistance to hostile enchantments.
Missiles
 Z - 10 throwing nets (quivered)
Armour
 p - a +2 pearl dragon armour
 I - a +0 pair of boots (worn)
 K - a +0 pair of gloves (worn)
 L - a +6 mottled dragon armour (worn)
 R - the +1 cloak of Amorality (worn) {*Contam rPois Int+7}
   (You found it on level 8 of the Lair of Beasts)

   It affects your intelligence (+7).
   It protects you from poison.
   It causes magical contamination when unequipped.
 S - a +2 helmet of see invisible (worn)
Jewellery
 c - a +3 ring of slaying
 s - a ring of wizardry (right hand)
 D - the amulet of Cekugob (around neck) {Ward -Tele rElec rPois rN++ AC+1 EV+1}
   (You found it on level 2 of the Vaults)

   [amulet of warding]

   It may prevent the melee attacks of summoned creatures.
   It affects your AC (+1).
   It affects your evasion (+1).
   It insulates you from electricity.
   It protects you from poison.
   It greatly protects you from negative energy.
   It prevents most forms of teleportation.
 E - the ring "Tumer" (left hand) {Slay+5 Stlth-}
   (You bought it in a shop in a bazaar)

   [ring of loudness]

   It affects your accuracy and damage with ranged weapons and melee attacks
   (+5).
   It makes you less stealthy.
 M - an uncursed amulet of resist mutation
 Q - an uncursed ring of magical power
Wands
 u - a wand of disintegration (5)
 v - a wand of digging (12)
 B - a wand of heal wounds (5)
 O - a wand of heal wounds (8)
 P - a wand of polymorph (7)
Scrolls
 e - 3 scrolls of fog
 j - 9 scrolls of identify
 y - a scroll of fear
 A - 12 scrolls of enchant weapon
 C - 18 scrolls of remove curse
 F - 6 scrolls of amnesia
 G - a scroll of recharging
 J - 2 scrolls of enchant armour
 Y - 4 scrolls of magic mapping
Potions
 d - 3 potions of invisibility
 h - 8 potions of brilliance
 l - 3 potions of flight
 n - a potion of magic
 q - a potion of agility
 r - 11 potions of curing
 t - 4 potions of cancellation
 T - a potion of haste
 V - 3 potions of might
 W - 3 potions of resistance
 X - 2 potions of berserk rage
Books
 z - Sif Muna's Papyrus of Protection and the Traveller
   (Sif Muna gifted it to you on level 3 of the Elven Halls)

   Spells                             Type                      Level
   a - Apportation                    Translocation                1
   b - Excruciating Wounds            Charms/Necromancy            5
   c - Ring of Flames                 Charms/Fire                  7
   d - Malign Gateway                 Summoning/Translocation      7
 H - an Akashic Record

   Spells                             Type                      Level
   a - Dispersal                      Translocation                6
   b - Malign Gateway                 Summoning/Translocation      7
   c - Disjunction                    Translocation                8
   d - Controlled Blink               Translocation                8
 N - Sif Muna's Compendium of Aerial Self-Knowledge
   (Sif Muna gifted it to you on level 13 of the Dungeon)

   Spells                             Type                      Level
   a - Infusion                       Charms                       1
   b - Song of Slaying                Charms                       2
   c - Repel Missiles                 Charms/Air                   2
   d - Static Discharge               Conjuration/Air              3
   e - Spectral Weapon                Hexes/Charms                 3
   f - Haste                          Charms                       6
Comestibles
 f - 10 beef jerkies
 g - 6 slices of pizza
 i - 13 bread rations
 k - 3 chunks of flesh
 o - 6 meat rations


   Skills:
 + Level 16.0 Fighting
 - Level 9.8(14.0) Short Blades
 + Level 16.0(16.8) Long Blades
 - Level 4.0 Armour
 - Level 9.9 Dodging
 - Level 2.1 Stealth
 + Level 16.2 Spellcasting
 - Level 7.0 Conjurations
 - Level 13.5 Charms
 - Level 8.1 Summonings
   Level 1.1 Transmutations
 - Level 3.4 Ice Magic
 * Level 22.6 Air Magic
   Level 2.4 Earth Magic


You had 3 spell levels left.
You knew the following spells:

 Your Spells              Type           Power        Failure   Level  Hunger
a - Lightning Bolt        Conj/Air       #######...   1%          5    None
b - Shadow Creatures      Summ           N/A          1%          5    None
d - Freezing Cloud        Conj/Ice/Air   #######...   1%          6    None
e - Deflect Missiles      Chrm/Air       ########..   1%          6    None
f - Blink                 Tloc           N/A          1%          2    None
g - Airstrike             Air            ########..   0%          4    None
q - Regeneration          Chrm/Necr      ######....   1%          3    None
s - Haste                 Chrm           #######.     1%          6    None
w - Shroud of Golubria    Chrm/Tloc      ######....   1%          2    None
x - Apportation           Tloc           ####......   1%          1    None
z - Tornado               Air            ########..   9%          9    #######


Dungeon Overview and Level Annotations

Branches:
Dungeon (15/15)            Temple (1/1) D:4            Lair (8/8) D:9
 Shoals (4/4) Lair:5       Spider (4/4) Lair:5          Orc (4/4) D:12
    Elf (3/3) Orc:4        Vaults (2/5) D:14          Crypt (0/3) Vaults:2
  Slime: Lair:6-8    Depths: D:15

Altars:
Ashenzari
Cheibriados
Dithmenos
Elyvilon
Fedhas
Gozag
Kikubaaqudgha
Makhleb
Nemelex Xobeh
Okawaru
Qazlal
Ru
Sif Muna
Trog
Vehumet
Xom
Yredelemnul
Zin
The Shining One

Shops:
D:7 %   D:12 (   Orc:1 (   Orc:4 *?:[

Portals:
Pandemonium: Orc:4
Trove: Elf:2 (give wand of hasting (8))

Annotations:
D:15 Megaslime's ghost, journeyman TrAK
Lair:4 Senshi's ghost, journeyman GrMo
Lair:7 exclusion: 2 oklob plants
Elf:2 4 runed doors


Innate Abilities, Weirdness & Mutations

You are covered in fur (AC +1).


Message History

Confirm with . or Enter, or press ? or * to list all spells.
Aiming: Lightning Bolt
Press: ? - help, Shift-Dir - straight line, f - vampire mosquito, p - white very ugly thing
Aim: a vampire mosquito (freezing vapour, moderately damaged)
You hear a mighty clap of thunder!
The bolt of lightning hits the white very ugly thing.
The white very ugly thing is heavily wounded.
The bolt of lightning misses the vampire mosquito. x2
The vampire mosquito is engulfed in freezing vapours.
The white very ugly thing is engulfed in freezing vapours.
The white very ugly thing pecks you. The white very ugly thing freezes you!!
* * * LOW HITPOINT WARNING * * *
The vampire mosquito is engulfed in freezing vapours.
The vampire mosquito is engulfed in freezing vapours.
You destroy the vampire mosquito!
The white very ugly thing is engulfed in freezing vapours.
The white very ugly thing pecks you!
* * * LOW HITPOINT WARNING * * *
The white very ugly thing freezes you!!!
You die...

.#########.#...........#...
#.'|.p#.#############...
#.#####.# ###+ .....#.# #
#.p.#'#.# #..p .#.#.# ###
#y#.# %§ #u#.# #####§###@#
..§§§§§§u.# ###########


You could see a white very ugly thing.

Vanquished Creatures
  Norris (D:14)
  2 deep elf master archers (Elf:3)
  2 deep elf blademasters (Elf:3)
  3 krakens
  Ilsuiw (Shoals:3)
  A fire giant (Vaults:1)
  Donald (D:14)
  2 vault wardens (Vaults:1)
  7 emperor scorpions
  Louise (Shoals:4)
  12 deep elf sorcerers
  3 ghost moths (Spider:4)
  2 ironheart preservers
  7 deep elf annihilators (Elf:3)
  4 deep elf demonologists (Elf:3)
  Snorg (D:14)
  4 merfolk javelineers
  3 vault guards (Elf:2)
  15 merfolk impalers
  3 fire dragons (Vaults:1)
  3 deep elf death magi (Elf:3)
  The ghost of sorlin the Grappler, a journeyman TrTm (D:11)
  3 yaktaur captains (Vaults:1)
  4 entropy weavers
  An eidolon (Vaults:2)
  A deep elf high priest (Elf:3)
  9 hydras
  7 catoblepae
  3 centaur warriors
  2 ogre magi
  5 merfolk avatars
  5 dancing weapons (Elf:2)
  2 alligator snapping turtles
  4 merfolk aquamancers (Shoals:4)
  17 death yaks
  2 satyrs (Shoals:3)
  7 orc high priests
  A sun demon (Orc:4)
  Urug (Orc:2)
  7 deep elf knights
  A soul eater (Vaults:2)
  Sonja (Orc:2)
  19 skeletal warriors
  A fire crab (Lair:7)
  A shadow wraith (Vaults:1)
  3 gelid demonspawn (Orc:4)
  A flayed ghost (Vaults:1)
  15 orc knights
  7 deep elf summoners
  A phantasmal warrior (Vaults:2)
  3 ironbrand convokers (Vaults:1)
  3 unseen horrors
  A giant orange brain (Vaults:2)
  11 sea snakes
  12 hill giants
  5 water nymphs
  20 orb spiders
  A putrid demonspawn (Orc:4)
  A wolf spider zombie (D:12)
  7 hornets
  The ghost of gg19 the Thaumaturge, a novice DEWz of Sif Muna (D:8)
  10 harpies
  20 ugly things
  32 wolf spiders
  25 deep elf conjurers
  7 orc sorcerers
  14 fauns
  12 griffons
  11 elephants
  20 cyclopes
  A sixfirhy (Orc:4)
  13 manticores
  3 moths of wrath
  4 black mambas
  A mana viper (shapeshifter) (Vaults:1)
  13 sirens
  3 centaur zombies
  A guardian serpent (shapeshifter) (Elf:2)
  2 torpor snails
  22 spiny frogs
  2 gargoyles
  An orange demon (Orc:4)
  An efreet (D:14)
  12 komodo dragons
  3 centaur skeletons
  A yaktaur (Vaults:1)
  2 kobold demonologists (D:14)
  15 demonic crawlers
  A hellwing (Orc:4)
  55 jumping spiders
  5 trolls
  12 deep elf priests
  47 merfolk
  4 fire drakes
  3 polar bears
  6 two-headed ogres
  4 freezing wraiths
  Grinder (D:6)
  A hornet zombie (D:14)
  15 slime creatures
  4 wind drakes
  32 blink frogs
  12 snapping turtles
  2 boulder beetles
  27 deep elf magi
  42 redbacks
  A snapping turtle (shapeshifter) (Elf:2)
  A shadow (D:14)
  24 deep elf fighters
  18 tarantellas
  A wraith (D:13)
  3 fire bats (Lair:2)
  27 trapdoor spiders
  16 humans (D:14)
  12 water elementals
  2 wyverns
  3 hungry ghosts
  64 yaks
  Grum (D:10)
  2 steam dragons
  6 wargs
  Menkaure (D:7)
  11 vampire mosquitoes
  A soldier ant (D:11)
  Edmund (D:4)
  16 hippogriffs
  15 swamp worms (Lair:8)
  3 mottled dragons
  12 wolves
  3 wasps
  An ice beast (D:11)
  20 water moccasins
  A necrophage (D:10)
  12 porcupines
  4 sky beasts
  2 eyes of draining
  50 orc warriors
  5 phantoms
  4 boggarts (Vaults:1)
  9 black bears
  18 spiders
  20 ogres
  21 crocodiles
  3 big kobolds
  23 centaurs
  29 giant frogs
  A brain worm (D:13)
  7 scorpions
  41 killer bees
  A small abomination (Abyss:1)
  The ghost of Ultraviolent4 the Ducker, a weakling HEEE (D:3)
  6 electric eels
  6 giant frog skeletons
  A giant frog zombie (D:6)
  7 crimson imps
  5 jellies
  42 orc priests
  A gnoll shaman (D:4)
  12 worker ants
  A hound (D:6)
  29 orc wizards
  6 iguanas
  43 sheep
  6 hell rats (Lair:8)
  A killer bee zombie (D:10)
  2 hound skeletons
  A worker ant zombie (D:9)
  15 adders
  13 gnolls
  87 river rats
  3 shadow imps
  2 oozes
  6 adder skeletons
  11 worms
  6 giant geckos
  205 orcs
  A ball python (D:3)
  13 bats
  3 giant cockroaches
  8 hobgoblins
  21 jackals
  17 kobolds
  6 quokkas
  2 giant gecko skeletons
  7 giant newts
  10 goblins
  2 jackal skeletons
  A jackal zombie (D:5)
  A quokka zombie (D:9)
  8 rats
  2 crawling corpses (Elf:1)
  3 fungi (Lair:8)
  2 plants (Shoals:3)
  6 tentacles
  3 tentacle segments
1949 creatures vanquished.

Vanquished Creatures (collateral kills)
  The ghost of edsrzf the Fencer, an adept FoAE of Gozag (Shoals:4)
  Jorgrun (Spider:3)
  An emperor scorpion (Spider:4)
  A vault guard (Elf:2)
  A merfolk javelineer (Shoals:4)
  2 merfolk aquamancers
  An orb spider (Spider:1)
  A faun (Shoals:1)
  3 wolf spiders (Spider:1)
  An oklob plant (Orc:4)
  A torpor snail (Spider:3)
  A deep elf priest (Elf:2)
  A demonic crawler (Spider:3)
  2 merfolk (Shoals:4)
  A jumping spider (Spider:1)
  A deep elf fighter (Elf:2)
  2 tarantellas (Spider:1)
  4 spiders (Spider:1)
  A plant (Shoals:4)
27 creatures vanquished.

Vanquished Creatures (others)
  A deep elf high priest (Elf:3)
  An orc wizard (D:14)
  A worker ant (D:14)
  78 fungi
  62 plants
  12 tentacles
  338 tentacle segments
493 creatures vanquished.

Grand Total: 2469 creatures vanquished

Notes
Turn   | Place    | Note
--------------------------------------------------------------
     0 | D:1      | Ultraviolent4 the High Elf Earth Elementalist began the quest for the Orb.
     0 | D:1      | Reached XP level 1. HP: 11/11 MP: 4/4
   412 | D:1      | Reached XP level 2. HP: 17/17 MP: 1/6
   544 | D:1      | Reached skill level 3 in Spellcasting
  1267 | D:2      | Reached XP level 3. HP: 21/21 MP: 3/8
  1272 | D:2      | Learned a level 3 spell: Stone Arrow
  1448 | D:2      | Found an iron altar of Okawaru.
  1517 | D:2      | Reached skill level 1 in Conjurations
  1741 | D:2      | Found a glowing silver altar of Zin.
  1746 | D:2      | Found a white marble altar of Elyvilon.
  1747 | D:2      | Found a glowing golden altar of the Shining One.
  2119 | D:3      | Noticed Ultraviolent4's ghost (weakling HEEE)
  2302 | D:3      | Killed Ultraviolent4's ghost
  2302 | D:3      | Reached XP level 4. HP: 27/27 MP: 0/10
  2934 | D:3      | Reached XP level 5. HP: 31/31 MP: 4/11
  3014 | D:3      | Found a faded altar to an unknown god.
  3654 | D:4      | Reached skill level 1 in Short Blades
  3654 | D:4      | Reached skill level 4 in Spellcasting
  3657 | D:4      | Found a staircase to the Ecumenical Temple.
  3746 | Temple   | Entered the Ecumenical Temple
  4353 | D:4      | Noticed an ogre
  4447 | D:4      | Reached XP level 6. HP: 33/36 MP: 6/13
  4578 | D:4      | Killed an ogre
  4809 | D:4      | Reached skill level 5 in Spellcasting
  5020 | D:4      | Reached XP level 7. HP: 33/41 MP: 1/15
  5198 | D:4      | Noticed Edmund
  5273 | D:4      | Killed Edmund
  5273 | D:4      | Reached skill level 5 in Dodging
  5631 | D:5      | Entered Level 5 of the Dungeon
  7259 | D:6      | Reached skill level 6 in Spellcasting
  7315 | D:6      | Found an opulent altar of Gozag.
  7353 | D:6      | Noticed Grinder
  7356 | D:6      | Paralysed by Grinder for 3 turns
  7359 | D:6      | Killed Grinder
  7359 | D:6      | Reached skill level 5 in Short Blades
  7359 | D:6      | Reached XP level 8. HP: 46/46 MP: 8/18
  7658 | D:6      | Found a shimmering altar of Xom.
  8051 | D:6      | Reached skill level 7 in Spellcasting
  9212 | D:7      | Noticed Menkaure
  9300 | D:7      | Killed Menkaure
  9476 | D:7      | Reached XP level 9. HP: 44/51 MP: 11/21
  9586 | D:7      | Reached skill level 8 in Spellcasting
  9795 | D:7      | Found a shimmering altar of Xom.
  9797 | D:7      | Found a deep blue altar of Sif Muna.
  9804 | D:7      | Became a worshipper of Sif Muna the Loreminder
  9899 | D:7      | Found a shadowy altar of Dithmenos.
  9996 | D:7      | Found Weufreta's Food Shop.
 10800 | D:8      | Noticed Grum
 10805 | D:8      | Reached skill level 9 in Spellcasting
 11150 | D:8      | Noticed gg19's ghost (novice DEWz)
 11156 | D:8      | Killed gg19's ghost
 11156 | D:8      | Reached XP level 10. HP: 42/56 MP: 3/24
 11686 | D:9      | Gained mutation: You are covered in fur (AC +1). [potion of beneficial mutation]
 11893 | D:9      | Reached * piety under Sif Muna
 12422 | D:9      | Found a staircase to the Lair.
 12725 | D:9      | Reached skill level 10 in Spellcasting
 13021 | D:9      | Learned a level 5 spell: Silence
 13086 | D:9      | Reached skill level 1 in Air Magic
 13500 | D:9      | Reached skill level 1 in Fighting
 13635 | D:9      | Found a blossoming altar of Fedhas.
 13739 | D:10     | Entered Level 10 of the Dungeon
 13768 | D:10     | Killed Grum
 13991 | D:10     | Learned a level 6 spell: Deflect Missiles
 14048 | D:10     | Noticed a hill giant
 14138 | D:10     | Killed a hill giant
 14463 | D:10     | Killed an unseen horror
 14463 | D:10     | Reached ** piety under Sif Muna
 14463 | D:10     | Reached skill level 5 in Air Magic
 14806 | D:10     | Noticed a hill giant
 14814 | D:10     | Killed a hill giant
 15177 | D:10     | Reached XP level 11. HP: 67/67 MP: 19/26
 15212 | D:10     | Noticed a hill giant
 15217 | D:10     | Killed a hill giant
 15352 | D:10     | Reached skill level 5 in Charms
 15808 | D:10     | Noticed a hill giant
 15935 | D:10     | Killed a hill giant
 16369 | D:10     | Reached *** piety under Sif Muna
 17573 | D:9      | Noticed a hill giant
 17596 | D:9      | Killed a hill giant
 17856 | Lair:1   | Entered Level 1 of the Lair of Beasts
 18668 | Lair:1   | Reached skill level 5 in Fighting
 18675 | Lair:1   | HP: 3/71 [crocodile (15)]
 19687 | D:9      | Learned a level 6 spell: Haste
 19809 | Lair:1   | Reached **** piety under Sif Muna
 20463 | Lair:2   | Reached XP level 12. HP: 26/77 MP: 1/27
 21455 | Lair:2   | Reached skill level 10 in Charms
 21912 | Lair:2   | Noticed a four-headed hydra
 21922 | Lair:2   | Killed a four-headed hydra
 23266 | Lair:3   | Reached ***** piety under Sif Muna
 23266 | Lair:3   | Reached skill level 11 in Charms
 23317 | Lair:3   | Noticed a five-headed hydra
 23643 | Lair:3   | Noticed a four-headed hydra
 23807 | Lair:3   | Killed a five-headed hydra
 24354 | Lair:3   | Reached skill level 12 in Charms
 24597 | Lair:3   | Killed a four-headed hydra
 25519 | Lair:4   | Noticed Senshi's ghost (journeyman GrMo)
 25762 | Lair:4   | Reached skill level 13 in Charms
 26739 | Lair:4   | Reached XP level 13. HP: 80/88 MP: 6/28
 27043 | Lair:4   | Found an ancient bone altar of Kikubaaqudgha.
 28063 | Lair:5   | Reached ****** piety under Sif Muna
 28063 | Lair:5   | Received a gift from Sif Muna
 28064 | Lair:5   | Identified Appia's Compendium of Augmentations (Sif Muna gifted it to you on level 5 of the Lair of Beasts)
 28081 | Lair:5   | Learned a level 3 spell: Ozocubu's Armour
 28177 | Lair:5   | Learned a level 5 spell: Iskenderun's Battlesphere
 28215 | Lair:5   | Found a hole to the Spider Nest.
 28759 | Lair:5   | Reached skill level 10 in Air Magic
 29264 | Lair:5   | Found a staircase to the Shoals.
 30716 | Lair:6   | Reached skill level 1 in Long Blades
 30931 | Lair:6   | Reached skill level 1 in Armour
 33764 | Lair:7   | Found a glowing golden altar of the Shining One.
 35090 | Lair:7   | Reached XP level 14. HP: 77/97 MP: 5/29
 35840 | Lair:8   | Entered Level 8 of the Lair of Beasts
 35971 | Lair:8   | Reached skill level 5 in Long Blades
 36885 | Lair:8   | Received a gift from Sif Muna
 37360 | Lair:8   | Reached skill level 10 in Fighting
 37996 | Lair:8   | Identified Sif Muna's Collected Works on Lucky Lightness (Sif Muna gifted it to you on level 8 of the Lair of Beasts)
 38004 | Lair:8   | Learned a level 6 spell: Freezing Cloud
 38739 | Lair:8   | Reached skill level 1 in Ice Magic
 40069 | Lair:7   | Reached skill level 5 in Conjurations
 43964 | Lair:7   | Reached XP level 15. HP: 89/105 MP: 18/31
 44317 | Lair:8   | Received a gift from Sif Muna
 44325 | Lair:8   | Learned a level 5 spell: Lightning Bolt
 44466 | Lair:8   | Got a bloodstained cloak
 44477 | Lair:8   | Identified the +1 cloak of Amorality {*Contam rPois Int+7} (You found it on level 8 of the Lair of Beasts)
 45476 | D:11     | Noticed a hill giant
 45478 | D:11     | Killed a hill giant
 45687 | D:11     | Noticed sorlin's ghost (journeyman TrTm)
 45689 | D:11     | Noticed a hill giant
 46423 | D:11     | Killed a hill giant
 46645 | D:11     | Killed sorlin's ghost
 47813 | D:12     | Found Borihei's Antique Weapon Boutique.
 47817 | D:12     | Bought a crude dagger for 203 gold pieces
 47817 | D:12     | Identified the +3 dagger of Satidim {pierce, MR++} (You bought it in a shop on level 12 of the Dungeon)
 48962 | D:12     | Found a staircase to the Orcish Mines.
 49450 | Orc:1    | Entered Level 1 of the Orcish Mines
 49478 | Orc:1    | Reached skill level 14 in Air Magic
 49546 | Orc:1    | Found Souxosk's Weapon Shoppe.
 49693 | Orc:2    | Noticed Sonja
 49699 | Orc:2    | Killed Sonja
 49901 | Orc:2    | Found a flagged portal.
 49918 | Bailey   | Entered a bailey
 50467 | Bailey   | Reached XP level 16. HP: 112/112 MP: 33/33
 50925 | Bailey   | Received a gift from Sif Muna
 50926 | Bailey   | Identified Wawnosergh's Almanac of the Gnat (Sif Muna gifted it to you in a bailey)
 51348 | Orc:2    | Noticed Urug
 51359 | Orc:2    | Killed Urug
 53002 | Orc:4    | Entered Level 4 of the Orcish Mines
 53630 | Orc:4    | Learned a level 2 spell: Shroud of Golubria
 53758 | Orc:4    | Learned a level 5 spell: Shadow Creatures
 53944 | Orc:4    | Found Hotumn's Magic Scroll Shoppe.
 53945 | Orc:4    | Found Cufuonit's General Store.
 54405 | Orc:4    | Bought a scroll of enchant weapon for 97 gold pieces
 54405 | Orc:4    | Bought a scroll of teleportation for 39 gold pieces
 54405 | Orc:4    | Bought a scroll of teleportation for 39 gold pieces
 54407 | Orc:4    | Bought a scroll of blinking for 97 gold pieces
 54839 | Orc:4    | Found a staircase to the Elven Halls.
 56519 | Orc:4    | Paralysed by an orc sorcerer for 2 turns
 57348 | Orc:4    | Reached skill level 15 in Air Magic
 57775 | Orc:4    | Reached XP level 17. HP: 119/119 MP: 19/35
 57969 | Orc:4    | Found Pedghefu's Antique Armour Boutique.
 57969 | Orc:4    | Found a one-way gate leading to the halls of Pandemonium.
 57969 | Orc:4    | Found Utsoithry's Book Shop.
 57973 | Orc:4    | Bought a book of Minor Magic for 240 gold pieces
 57976 | Orc:4    | Learned a level 2 spell: Blink
 58011 | Elf:1    | Entered Level 1 of the Elven Halls
 58204 | Elf:1    | Found a flickering gateway to a bazaar.
 58215 | Bazaar   | Entered a bazaar
 58317 | Bazaar   | Found Jicaman's Gadget Boutique.
 58322 | Bazaar   | Bought a wand of disintegration (13) for 187 gold pieces
 58353 | Bazaar   | Found Pepoulae's General Store.
 58358 | Bazaar   | Bought a potion of heal wounds for 35 gold pieces
 58358 | Bazaar   | Bought a bread ration for 35 gold pieces
 58386 | Bazaar   | Found Jaxkei's Book Emporium.
 58453 | Bazaar   | Found Rud Nog's Jewellery Shoppe.
 58458 | Bazaar   | Bought the ring "Tumer" {Slay+5 Stlth-} for 426 gold pieces
 58458 | Bazaar   | Bought an uncursed ring of magical power for 240 gold pieces
 58500 | Bazaar   | Found Kusotaxt's Book Emporium.
 59145 | Elf:1    | Reached skill level 10 in Long Blades
 60199 | Elf:1    | Identified the Disquisition on Combat Magic
 60704 | Elf:2    | Reached skill level 16 in Air Magic
 60815 | Elf:2    | Received a gift from Sif Muna
 60816 | Elf:2    | Identified Sif Muna's Disquisition on Enhancements and Flight (Sif Muna gifted it to you on level 2 of the Elven Halls)
 60821 | Elf:2    | Learned a level 3 spell: Regeneration
 60845 | Elf:2    | Reached skill level 5 in Summonings
 61621 | Elf:2    | Found a portal to a secret trove of treasure.
 62021 | Elf:2    | Found a large runed door.
 62021 | Elf:2    | Found a large runed door.
 62043 | Elf:2    | Found a large runed door.
 62043 | Elf:2    | Found a large runed door.
 62081 | Elf:3    | Entered Level 3 of the Elven Halls
 62570 | Elf:3    | Found an ancient bone altar of Kikubaaqudgha.
 64620 | Elf:3    | Reached skill level 17 in Air Magic
 64620 | Elf:3    | Reached XP level 18. HP: 47/127 MP: 0/36
 64898 | Elf:3    | Got a faintly glowing plate armour
 65557 | Elf:3    | Got a polished plate armour
 65752 | Elf:3    | Identified the Handbook of Enchantment
 65936 | Elf:3    | Received a gift from Sif Muna
 65937 | Elf:3    | Identified Sif Muna's Papyrus of Protection and the Traveller (Sif Muna gifted it to you on level 3 of the Elven Halls)
 65940 | Elf:3    | Learned a level 1 spell: Apportation
 66864 | D:13     | You fall through a shaft!
 66925 | D:14     | Noticed Norris
 66931 | D:14     | Noticed Donald
 66949 | D:14     | Killed Norris
 66973 | D:14     | Killed Donald
 67162 | D:14     | Reached skill level 18 in Air Magic
 67480 | D:14     | Noticed Snorg
 67968 | D:15     | Entered Level 15 of the Dungeon
 67968 | D:15     | Noticed Megaslime's ghost (journeyman TrAK)
 68031 | D:14     | Killed Snorg
 68935 | D:14     | Found a gate to the Vaults.
 70048 | D:13     | Received a gift from Sif Muna
 70049 | D:13     | Identified Sif Muna's Compendium of Aerial Self-Knowledge (Sif Muna gifted it to you on level 13 of the Dungeon)
 70899 | Spider:1 | Entered Level 1 of the Spider Nest
 72417 | Spider:1 | Reached XP level 19. HP: 119/135 MP: 38/38
 72528 | Spider:1 | Reached skill level 19 in Air Magic
 74951 | Spider:3 | Noticed Jorgrun
 74975 | Spider:3 | Killed Jorgrun
 75550 | Spider:4 | Entered Level 4 of the Spider Nest
 75969 | Spider:4 | Received a gift from Sif Muna
 75970 | Spider:4 | Identified Sif Muna's Volume of Destructive Feathers (Sif Muna gifted it to you on level 4 of the Spider Nest)
 76230 | Spider:3 | Learned a level 4 spell: Airstrike
 77115 | Spider:4 | Reached skill level 20 in Air Magic
 77969 | Spider:4 | Reached skill level 15 in Spellcasting
 79148 | Spider:4 | Got a gossamer rune of Zot
 79527 | Shoals:1 | Entered Level 1 of the Shoals
 80442 | Shoals:1 | Reached XP level 20. HP: 144/144 MP: 36/40
 82222 | Shoals:2 | Received a gift from Sif Muna
 82223 | Shoals:2 | Identified Sif Muna's Wizardry, Part Five (Sif Muna gifted it to you on level 2 of the Shoals)
 82543 | Shoals:2 | Reached skill level 15 in Fighting
 82546 | Shoals:2 | Reached skill level 21 in Air Magic
 83051 | Shoals:2 | Learned a level 9 spell: Tornado
 84260 | Shoals:3 | Noticed Ilsuiw
 84302 | Shoals:3 | Killed Ilsuiw
 85667 | Shoals:4 | Entered Level 4 of the Shoals
 85671 | Shoals:4 | Noticed Louise
 85758 | Shoals:4 | Reached skill level 15 in Long Blades
 86379 | Shoals:4 | Killed Louise
 86921 | Shoals:4 | Identified the Papyrus of the Supportive Blaze
 88057 | Shoals:4 | Cast into the Abyss (merfolk impaler)
 88194 | Shoals:4 | Escaped the Abyss
 88337 | Shoals:4 | Noticed edsrzf's ghost (adept FoAE)
 88623 | Shoals:4 | Got a barnacled rune of Zot
 88691 | Shoals:4 | Killed edsrzf's ghost
 88691 | Shoals:4 | Reached skill level 22 in Air Magic
 90067 | Vaults:1 | Entered Level 1 of the Vaults
 90603 | Vaults:1 | Reached XP level 21. HP: 153/153 MP: 35/41
 91333 | Vaults:1 | Received a gift from Sif Muna
 91334 | Vaults:1 | Identified Sif Muna's Papyrus of Creative Hexes (Sif Muna gifted it to you on level 1 of the Vaults)
 91771 | Vaults:1 | Found a bloodstained altar of Trog.
 93083 | Vaults:2 | Found a staircase to the Crypt.
 93407 | Vaults:2 | Mangled by a white very ugly thing

Action                   |  1- 3 |  4- 6 |  7- 9 | 10-12 | 13-15 | 16-18 | 19-21 || total
-------------------------+-------+-------+-------+-------+-------+-------+-------++-------
Melee: Dagger            |       |    56 |   118 |    96 |  2150 |  1212 |    26 ||  3658
       Short sword       |       |       |       |   508 |       |       |       ||   508
       Staff             |       |       |       |     3 |     2 |     1 |       ||     6
       Long sword        |       |       |       |       |    59 |    83 |       ||   142
       Double sword      |       |       |       |       |       |   271 |   932 ||  1203
       Great sword       |       |       |       |       |       |   119 |    10 ||   129
       Eveningstar       |       |       |       |       |       |       |     5 ||     5
Throw: Stone             |       |     1 |     1 |       |       |       |       ||     2
       Throwing net      |       |       |       |     3 |       |       |       ||     3
 Cast: Sandblast         |    76 |    20 |     5 |     6 |       |       |       ||   107
       Stone Arrow       |     2 |    59 |   177 |   587 |   628 |     5 |       ||  1458
       Haste             |       |       |       |     3 |    30 |     9 |     3 ||    45
       Deflect Missiles  |       |       |       |     1 |     2 |     4 |     7 ||    14
       Iskenderun's Batt |       |       |       |       |    29 |       |       ||    29
       Lightning Bolt    |       |       |       |       |    87 |   510 |   210 ||   807
       Freezing Cloud    |       |       |       |       |     7 |    16 |    11 ||    34
       Shadow Creatures  |       |       |       |       |       |    40 |    30 ||    70
       Regeneration      |       |       |       |       |       |     4 |    27 ||    31
       Blink             |       |       |       |       |       |     2 |     6 ||     8
       Airstrike         |       |       |       |       |       |       |   698 ||   698
       Shroud of Golubri |       |       |       |       |       |       |    16 ||    16
       Tornado           |       |       |       |       |       |       |     3 ||     3
Invok: Channel Energy    |       |       |       |       |     7 |    19 |     3 ||    29
       Forget Spell      |       |       |       |       |       |     1 |       ||     1
Evoke: Wand              |       |       |     1 |    39 |     5 |    22 |     8 ||    75
  Use: Scroll            |       |     2 |    13 |    18 |    12 |    19 |    20 ||    84
       Potion            |       |       |     3 |    16 |     2 |    12 |     2 ||    35
 Stab: Sleeping          |       |       |       |     5 |     2 |     1 |       ||     8
       Held in net/web   |       |       |       |     2 |       |       |       ||     2
       Distracted        |       |       |       |     1 |     2 |     4 |     1 ||     8
       Petrified         |       |       |       |       |     4 |       |       ||     4
       Invisible         |       |       |       |       |    15 |       |       ||    15
       Paralysed         |       |       |       |       |     1 |       |       ||     1
  Eat: Chunk             |     4 |    13 |    13 |    31 |    67 |    55 |    37 ||   220
       Royal jelly       |       |       |     1 |     2 |       |       |       ||     3
       Bread ration      |       |       |     1 |     2 |       |       |       ||     3
       Fruit             |       |       |       |     7 |    34 |     7 |     4 ||    52
       Meat ration       |       |       |       |       |     1 |     4 |     6 ||    11
